 Dungeon Crawl Stone Soup version 0.27-a0-1434-g6f15984924 (webtiles) character file.

Game seed: 12020344482691269283

10858 avis the Grappler (level 11, -1/102 HPs)
             Began as an Ogre Transmuter on July 1, 2021.
             Was a Priest of Okawaru.
             Engulfed by a steam dragon's steam (10 damage)
             ... on level 8 of the Dungeon on July 4, 2021.
             The game lasted 00:52:19 (10416 turns).

avis the Grappler (Ogre Transmuter)                Turns: 10416, Time: 00:52:20

Health: -1/102     AC:  2    Str: 16    XL:     11   Next: 68%
Magic:  13/15      EV: 21    Int: 20    God:    Okawaru [***...]
Gold:   336        SH:  0    Dex: 17    Spells: 5/16 levels left

rFire    . . .     SeeInvis .     - Unarmed
rCold    . . .     Faith    .   (shield currently unavailable)
rNeg     . . .     Spirit   .   (armour currently unavailable)
rPois    x         Reflect  .   (helmet currently unavailable)
rElec    .         Harm     .   (cloak currently unavailable)
rCorr    .         Rampage  .   (gloves unavailable)
Will     +....                  (boots unavailable)
Stlth    ++........             (no amulet)
HPRegen  0.27/turn              r - +6 ring of intelligence
MPRegen  0.14/turn              (no ring)

@: spider-form
A: venomous fangs, tiny, unfitting armour, (tough skin 1)
a: End Transformation, Renounce Religion, Heroism


You were on level 8 of the Dungeon.
You worshipped Okawaru.
Okawaru was most pleased with you.
You were a venomous arachnid creature.
You visited 2 branches of the dungeon, and saw 9 of its levels.
You also visited: Ossuary.

You collected 336 gold pieces.

Inventory:

Hand Weapons
 a - a +3 spear of freezing
 A - a +0 shortbow
Missiles
 j - 3 boomerangs (quivered)
 l - 2 throwing nets
 m - 23 poisoned darts
 B - 61 arrows
Armour
 y - +0 acid dragon scales (melded)
Magical Staves
 b - a staff of death
Jewellery
 r - a +6 ring of intelligence (left front leg)
 L - the amulet of Dioluvig {Spirit Drain rC+ Str+2 Slay+4}
   (You found it in an ossuary)

   [amulet of guardian spirit]

   It causes incoming damage to be divided between your reserves of health and
   magic.
   Str:       It affects your strength (+2).
   Slay:      It affects your accuracy & damage with ranged weapons and melee
   (+4).
   rC:        It protects you from cold.
   Drain:     It drains your maximum health when unequipped.
Wands
 i - a wand of acid (4)
 s - a wand of polymorph (7)
 w - a wand of charming (13)
 z - a wand of iceblast (14)
 D - a wand of mindburst (26)
Scrolls
 f - 2 scrolls of amnesia {unknown}
 k - 2 scrolls of immolation {unknown}
 p - a scroll of noise {unknown}
 q - 2 scrolls of acquirement {unknown}
 v - a scroll of vulnerability {unknown}
 O - a scroll of enchant armour {unknown}
 Q - a scroll of blinking {unknown}
 R - a scroll of fear {unknown}
Potions
 d - 5 potions of heal wounds
 e - 2 potions of magic
 g - 4 potions of curing
 h - a potion of flight {unknown}
 n - 2 potions of resistance
 u - a potion of lignification {unknown}
 E - a potion of brilliance {unknown}
 G - a potion of ambrosia {unknown}
 J - a potion of degeneration {unknown}
 K - a potion of haste
 P - 2 potions of invisibility {unknown}
Miscellaneous
 o - a piece from Xom's chessboard (15/15)


   Skills:
 - Level 5.0 Fighting
 - Level 4.0 Dodging
 + Level 14.6 Unarmed Combat
 - Level 3.0 Spellcasting
 + Level 0.5 Necromancy
 - Level 5.0 Transmutations
 - Level 4.0 Ice Magic
 - Level 1.0 Poison Magic
 - Level 2.0 Invocations


You had 5 spell levels left.
You knew the following spells:

 Your Spells              Type           Power      Damage    Failure   Level
a - Beastly Appendage     Tmut           46%        N/A       8%          1
c - Wereblood             Tmut           23%        N/A       10%         2
k - Animate Skeleton      Necr           10%        N/A       28%         1
p - Spider Form           Tmut/Pois      7%         N/A       28%         3
q - Ice Form              Ice/Tmut       21%        N/A       43%         4

Your spell library contained the following spells:

 Spells                   Type           Power      Damage    Failure   Level
 Pain                     Necr           20%        1d5       28%         1
 Vampiric Draining        Necr           2%         2d6       56%         3
 Animate Dead             Necr           2%         N/A       89%         4
 Agony                    Necr           5%         N/A       99%         5


Dungeon Overview and Level Annotations

Branches:
Dungeon (8/15)             Temple (1/1) D:4         Ossuary (visited)
   Lair: D:8-11

Altars:
Ashenzari
Cheibriados
Fedhas
Hepliaklqana
Kikubaaqudgha
Makhleb
Nemelex Xobeh
Okawaru
Qazlal
Ru
Sif Muna
Trog
Uskayaw
Vehumet
Xom
Yredelemnul
Zin
The Shining One

Shops:
D:4 *


Innate Abilities, Weirdness & Mutations

You are a venomous arachnid creature.
You have poisonous fangs.
You are tiny and dextrous.
Your spellcasting is less reliable in this form.
Your armour is entirely melded.
You are incapable of wielding weapons or throwing items.
You are too large for most types of armour.
((You have tough skin. (AC +1)))


Message History

The ball of steam hits you!
* * * LOW HITPOINT WARNING * * *
The centaur warrior hits you.
* * * LOW HITPOINT WARNING * * *
The centaur warrior completely misses you.
The centaur warrior barely misses you. The centaur warrior kicks you.
* * * LOW HITPOINT WARNING * * *
The centaur warrior hits you!
* * * LOW HITPOINT WARNING * * *
The centaur warrior barely misses you.
Found a manual of Maces & Flails.
You hit the steam dragon.
The steam dragon looks as sick as possible!
The steam dragon is severely wounded.
The steam dragon bites you.
* * * LOW HITPOINT WARNING * * *
The steam dragon claws you but does no damage.
The centaur warrior hits you.
* * * LOW HITPOINT WARNING * * *
The centaur warrior kicks you.
* * * LOW HITPOINT WARNING * * *
You feel much better.
The centaur warrior completely misses you. x2
The orc warrior hits you with a +0 dire flail!
* * * LOW HITPOINT WARNING * * *
The steam dragon breathes steam at you. The ball of steam misses you.
You feel much better.
You are engulfed in a cloud of scalding steam.
The centaur warrior hits you but does no damage.
The centaur warrior kicks you.
* * * LOW HITPOINT WARNING * * *
The orc warrior barely misses you. The steam dragon bites you!
* * * LOW HITPOINT WARNING * * *
The steam dragon closely misses you. The centaur warrior hits you!
* * * LOW HITPOINT WARNING * * *
The centaur warrior kicks you.
* * * LOW HITPOINT WARNING * * *
You are engulfed in a cloud of scalding steam.
You die...

#.# #.. #.# #....
#.# #..... ######.#
#....?.
#...##.###.......
#..<.....†.......
#.........Dc#.?...:
#.##.####§#§o##...
# #. #.##s§# # #.
#....§..# ..
#.##§§§§.... ..
#.####....## ...
..# ##### ##


You could see a centaur warrior (extremely poisoned), a steam dragon (extremely
poisoned, catching breath) and an orc warrior.

Vanquished Creatures
  Maggie (D:6)
  A steam dragon (D:7)
  2 orc warriors
  A necrophage (D:5)
  2 ogres
  2 centaurs
  2 phantoms
  A gnoll sergeant (D:7)
  5 bullfrogs
  2 scorpions
  5 water moccasin zombies (Ossuary)
  A water moccasin skeleton (D:7)
  A centaur zombie (D:8)
  2 bullfrog zombies (D:6)
  6 hounds
  2 bullfrog skeletons
  4 centaur skeletons
  3 iguanas
  3 orc wizards
  A hound zombie (D:5)
  A hound skeleton (D:5)
  2 mummies (Ossuary)
  3 gnolls (D:2)
  2 howler monkey skeletons
  9 adders
  A shadow imp (D:7)
  A white imp (D:6)
  3 ufetubi
  6 adder zombies (Ossuary)
  A worm (D:2)
  3 dart slugs
  11 orcs
  7 ball pythons
  6 endoplasms
  2 giant cockroaches
  6 hobgoblins
  10 jackals
  4 kobolds
  2 quokkas (D:1)
  A bat (D:1)
  3 frilled lizards
  A gnoll zombie (Ossuary)
  4 goblins
  5 hobgoblin zombies (Ossuary)
  2 kobold zombies (Ossuary)
  4 orc zombies (Ossuary)
  5 rats
152 creatures vanquished.

Vanquished Creatures (others)
  11 fungi (D:4)
  A plant (D:4)
12 creatures vanquished.

Grand Total: 164 creatures vanquished

Notes
Turn   | Place    | Note
-------+----------+-------------------------------------------
     0 | D:1      | avis the Ogre Transmuter began the quest for the Orb.
     0 | D:1      | Reached XP level 1. HP: 19/19 MP: 3/3
   141 | D:1      | Found a faded altar of an unknown god.
   221 | D:1      | Reached skill level 3 in Unarmed Combat
   346 | D:1      | Reached XP level 2. HP: 15/27 MP: 3/5
  1067 | D:2      | Reached XP level 3. HP: 22/33 MP: 6/6
  1204 | D:2      | Learned a level 3 spell: Spider Form
  1503 | D:2      | Reached skill level 4 in Unarmed Combat
  1527 | D:2      | Reached skill level 1 in Poison Magic
  1589 | D:2      | Reached XP level 4. HP: 27/42 MP: 3/7
  2652 | D:3      | Reached XP level 5. HP: 49/49 MP: 4/8
  2770 | D:3      | Learned a level 4 spell: Ice Form
  2812 | D:3      | Reached skill level 5 in Unarmed Combat
  3662 | D:3      | Found a hide-covered altar of Uskayaw.
  3986 | D:3      | Reached XP level 6. HP: 41/61 MP: 7/10
  4251 | D:4      | Found Qiaduf's Assorted Antiques.
  4259 | D:4      | Found a staircase to the Ecumenical Temple.
  4268 | Temple   | Entered the Ecumenical Temple
  4383 | Temple   | Became a worshipper of Warmaster Okawaru
  4845 | D:4      | Reached XP level 7. HP: 64/67 MP: 7/11
  5425 | D:5      | Entered Level 5 of the Dungeon
  5425 | D:5      | Found a shimmering altar of Xom.
  5563 | D:5      | Reached skill level 6 in Unarmed Combat
  5622 | D:5      | Reached * piety under Okawaru
  5623 | D:5      | Reached skill level 1 in Invocations
  5920 | D:5      | Learned a level 1 spell: Animate Skeleton
  7074 | D:6      | Reached XP level 8. HP: 37/78 MP: 12/12
  7251 | D:6      | Noticed Maggie
  7267 | D:6      | Killed Maggie
  7268 | D:6      | Reached skill level 7 in Unarmed Combat
  7268 | D:6      | Reached skill level 5 in Fighting
  7365 | D:6      | Reached ** piety under Okawaru
  7534 | D:6      | Reached skill level 1 in Ice Magic
  7870 | D:5      | Reached skill level 5 in Transmutations
  7870 | D:5      | Reached XP level 9. HP: 24/88 MP: 10/13
  8404 | D:7      | Found a sand-covered staircase.
  8506 | Ossuary  | Entered an ossuary
  8695 | Ossuary  | Reached *** piety under Okawaru
  8983 | Ossuary  | Identified the amulet of Dioluvig {Spirit Drain rC+ Str+2
                  | Slay+4}
  9174 | D:7      | Reached skill level 8 in Unarmed Combat
  9272 | D:7      | Identified the +4 ring mail "Vebikh" {rC+ rN+ Dex+2}
  9853 | D:7      | Upgraded the game from 0.27-a0-1384-g1422d76b99 to
                  | 0.27-a0-1434-g6f15984924
  9856 | D:7      | Learned a level 2 spell: Wereblood
 10019 | Temple   | Reached skill level 12 in Unarmed Combat
 10019 | Temple   | Reached XP level 10. HP: 96/96 MP: 14/14
 10020 | Temple   | Reached skill level 14 in Unarmed Combat
 10020 | Temple   | Reached XP level 11. HP: 102/102 MP: 15/15
 10400 | D:8      | Noticed a centaur warrior
 10413 | D:8      | HP: 3/102 [centaur warrior (3)]
 10416 | D:8      | Engulfed by a steam dragon's steam

Illustrated notes

Levels and vault maps discovered:
D:1:      lemuel_arrival_lava_pool, layout_basic,
          chequers_ecumenical_altar_island
D:2:      layout_basic, minmay_pentomino_u4
D:3:      layout_basic, eat_drink_and_be_merry_uskayaw, minmay_pentangle
D:4:      layout_rooms, minmay_temple_entry_trees, serial_shops,
          nicolae_shop_overgrown_old_shop, serial_aquarium,
          aquarium_bridge_square [aquarium_subvault_bridge,
          aquarium_subvault_window, aquarium_subvault_window,
          aquarium_subvault_wall], aquarium_window_corner, aquarium_window_1,
          aquarium_window_fake, aquarium_window_corner, aquarium_view_2f,
          aquarium_balcony_3b, aquarium_pool_2, st_stairs_14, minmay_cut_off
D:5:      layout_loops_ring, xom_butterflies, minmay_misc_feat_encased
D:6:      layout_cave_pools, supply_closet_lemuel, uniq_maggie
D:7:      layout_cave_pods, lightli_ossuary_entry_decrepit_ruins, st_stairs_5
D:8:      layout_loops_ring, kennysheep_little_box, minmay_manual_moon
Temple:   lightli_temple_of_artemis

Skill      XL: |  1  2  3  4  5  6  7  8  9 10 |
---------------+-------------------------------+-----
Unarmed Combat | 3 4 5 6 7 12 14 | 14.6
Poison Magic   | 1 |  1.0
Fighting       | 2 3 4 5 |  5.0
Dodging        | 2 3 4 |  4.0
Transmutations | 2 3 5 |  5.0
Spellcasting   | 3 |  3.0
Invocations    | 2 |  2.0
Ice Magic      | 2 4 |  4.0
Necromancy     | |  0.5

Action                   |  1- 3 |  4- 6 |  7- 9 | 10-12 || total
-------------------------+-------+-------+-------+-------++-------
Melee: Unarmed           |    90 |   145 |   317 |    16 ||   568
       Headbutt          |    14 |     5 |    33 |     2 ||    54
       Kick              |    11 |     3 |    65 |     2 ||    81
       Punch             |     2 |     1 |     8 |       ||    11
 Cast: Beastly Appendage |    22 |    18 |    34 |     1 ||    75
       Spider Form       |     2 |    19 |    13 |     2 ||    36
       Animate Skeleton  |       |       |     2 |       ||     2
  Use: Scroll            |       |       |     6 |       ||     6
       Potion            |       |       |     1 |     3 ||     4
 Stab: Sleeping          |       |     1 |       |       ||     1
Armor: Robe              |    17 |     6 |    13 |       ||    36
       Skin              |     1 |     8 |     3 |     2 ||    14
       Acid dragon scale |       |       |    62 |     2 ||    64
Dodge: Dodged            |    32 |   118 |   176 |    25 ||   351

Table legend: (Time is in decaauts)
 A = Elapsed time spent in this place.
 B = Non-inter-level travel time spent in this place.
 C = Inter-level travel time spent in this place.
 D = Time resting spent in this place.
 E = Time spent auto-exploring this place.
 F = Levels seen in this place.
 G = Mean time per level.
                   A        B        C        D        E       F      G
               +--------+--------+--------+--------+--------+-----+--------+
         Total |  10370 |   9661 |    709 |   3873 |   3914 |  10 | 1037.0 |
       Dungeon |   9682 |   8988 |    694 |   3546 |   3806 |   8 | 1210.2 |
        Temple |    163 |    148 |     15 |      0 |    108 |   1 |  163.0 |
       Ossuary |    524 |    524 |      0 |    327 |      0 |   1 |  524.0 |
               +--------+--------+--------+--------+--------+-----+--------+

Top non-repeatable levels by time:
     D:5: 2200 daAuts
     D:3: 1616 daAuts
     D:2: 1592 daAuts
     D:7: 1166 daAuts
     D:4: 1156 daAuts
     D:1: 983 daAuts
     D:6: 938 daAuts
 Ossuary: 524 daAuts
  Temple: 163 daAuts
     D:8: 28 daAuts
